 Dungeon Crawl Stone Soup version 0.29-a0-451-gfbfa42419e (webtiles) character file.

Game seed: 16838984772188056167

3856 Bruhh the Cleaver (level 9, -1/127 HPs)
             Began as a Minotaur Fighter on May 19, 2022.
             Was a High Priest of Ignis.
             Succumbed to a hornet's poison
             ... on level 7 of the Dungeon.
             The game lasted 00:13:45 (8620 turns).

Bruhh the Cleaver (Minotaur Fighter)                Turns: 8620, Time: 00:13:46

Health: -1/127     AC: 24    Str: 26    XL:     9   Next: 99%
Magic:  8/8        EV:  2    Int: 11    God:    Ignis [*****.]
Gold:   493        SH:  5    Dex:  9    Spells: 8/8 levels left

rFire   + . .      SeeInvis .   a - +0 war axe
rCold   . . .      Faith    .   c - +1 buckler
rNeg    . . .      Spirit   .   (body armour currently unavailable)
rPois   +          Reflect  .   (helmet currently unavailable)
rElec   .          Harm     .   (cloak currently unavailable)
rCorr   .          Rampage  .   (gloves currently unavailable)
Will    .....      NoTele   +   (boots currently unavailable)
Stlth   +.........              (no amulet)
HPRegen 0.31/turn               g - +6 ring of intelligence
MPRegen 0.11/turn               (no ring)

@: mighty, brilliant, lethally poisoned (-1 -> -8), tree-form, slowed, studying
Shields, very slow
A: stationary, stasis, torment immunity, boosted hp, (horns 2), (retaliatory
headbutt)
a: Renounce Religion, Fiery Armour, Foxfire Swarm, Rising Flame


You were on level 7 of the Dungeon.
You worshipped Ignis.
Ignis was extremely pleased with you.
You were a tree.
You visited 1 branch of the dungeon, and saw 7 of its levels.

You collected 493 gold pieces.

Inventory:

Hand Weapons
 a - a +0 war axe (weapon)
Missiles
 l - 13 poisoned darts (quivered)
 q - a throwing net
Armour
 b - a +0 scale mail
 c - a +1 buckler (worn)
 s - the +3 ring mail of Plog (melded) {rN+ Will+ Stlth-}
   (You found it on level 3 of the Dungeon)

   rN:        It protects you from negative energy.
   Will:      It increases your willpower.
   Stlth:     It makes you less stealthy.
Jewellery
 g - a +6 ring of intelligence (left branch)
Wands
 p - a wand of digging (16)
 t - a wand of mindburst (25)
Scrolls
 h - a scroll of torment
 k - a scroll of magic mapping
 m - 3 scrolls of teleportation
 n - a scroll of vulnerability
 u - a scroll of amnesia
 v - a scroll of enchant armour
 w - a scroll of noise
 x - a scroll of blinking {unknown}
 y - a scroll of summoning {unknown}
 B - a scroll of poison {unknown}
 C - a scroll of identify
Potions
 d - a potion of might
 e - a potion of attraction {unknown}
 f - a potion of flight
 i - 3 potions of lignification
 j - a potion of berserk rage {unknown}
 o - 2 potions of curing {unknown}
 r - 2 potions of heal wounds {unknown}
 z - 2 potions of brilliance
 A - 2 potions of haste {unknown}


   Skills:
 - Level 10.0 Fighting
 - Level 12.0 Axes
 + Level 9.2 Armour
 - Level 3.6 Shields


You had 8 spell levels left.
You didn't know any spells.
Your spell library contained the following spells:

 Spells                   Type           Power      Damage    Failure   Level
 Sublimation of Blood     Necr           0%         N/A       56%         2
 Dazzling Flash           Conj/Hex       0%         N/A       80%         3
 Gell's Gravitas          Tloc           0%         N/A       80%         3
 Inner Flame              Hex/Fire       0%         N/A       80%         3
 Teleport Other           Tloc           0%         N/A       80%         3
 Cause Fear               Hex            0%         N/A       99%         4
 Iskenderun's Mystic Bla  Conj/Tloc      0%         2d3       99%         4
 Petrify                  Tmut/Erth      0%         N/A       99%         4
 Irradiate                Conj/Tmut      0%         3d13      100%        5
 Metabolic Englaciation   Hex/Ice        0%         N/A       100%        5
 Dispersal                Tloc           0%         N/A       100%        6
 Starburst                Conj/Fire      0%         6d3       100%        6
 Statue Form              Tmut/Erth      0%         N/A       100%        6
 Discord                  Hex            0%         N/A       100%        8


Dungeon Overview and Level Annotations

Branches:
Dungeon (7/15)             Temple (0/1) D:5

Altars:
Elyvilon
Gozag
Ru
Sif Muna
Wu Jian
Xom
Ignis

Shops:
D:7 *


Innate Abilities, Weirdness & Mutations

You are a tree.
Your roots penetrate the ground, keeping you stationary.
You cannot be teleported.
You are immune to unholy pain and torment.
Your maximum health is greatly increased.
Your equipment is partially melded.
((You have a pair of horns on your head.))
((You reflexively headbutt those who attack you in melee.))


Message History

You feel as though you will be slow longer.
You barely miss the hornet.
The hornet is almost dead.
You hit the kobold brigand. You barely miss the kobold.
* * * LOW HITPOINT WARNING * * *
You feel extremely sick. The hornet barely misses you.
You block the kobold's attack.
The kobold brigand hits you with a +0 dagger.
* * * LOW HITPOINT WARNING * * *
The hornet stings you but does no damage.
It was a potion of lignification.
You turn into a tree.
The +3 ring mail of Plog {rN+ Will+ Stlth-} melds into your body.
Your roots penetrate the ground.
* * * LOW HITPOINT WARNING * * *
You feel extremely sick. The hornet completely misses you.
The kobold hits you but does no damage.
The kobold brigand hits you with a +0 dagger.
* * * LOW HITPOINT WARNING * * *
The hornet stings you but does no damage.
The kobold hits you but does no damage.
The kobold brigand hits you but does no damage.
It was a potion of flight.
Your roots keep you in place.
* * * LOW HITPOINT WARNING * * *
You feel very sick. You block the hornet's attack.
The kobold hits you but does no damage.
The kobold brigand hits you but does no damage.
You block the hornet's attack.
Unknown command.
You slash the hornet!
You kill the hornet!
You closely miss the kobold. You completely miss the kobold brigand.
* * * LOW HITPOINT WARNING * * *
You feel very sick.
The kobold brigand hits you with a +0 dagger.
* * * LOW HITPOINT WARNING * * *
You block the kobold brigand's attack.
The kobold hits you but does no damage. x2
Your Armour skill increases to level 9!
It was a potion of brilliance.
You feel clever all of a sudden.
You die...

...........#............
## #
##.........#.........##
............####.#.#....
............# #.#.#....
#..... ......###.#.# ..
...... ... #.....#
...... ... ###..##
...... ##.## .>>..( #.♣#
....# #KKK...... ....#
#?......... ....#
............ ....#
..#.......... #####
#..##.##:....#. #.. ..
.$...# .. ##. ∩.....


You could see a kobold brigand and 2 kobolds.

Vanquished Creatures
  A two-headed ogre (D:6)
  Pikel (D:6)
  A kobold demonologist (D:6)
  A hornet (D:7)
  2 water moccasins
  4 black bears
  2 ogres (D:6)
  2 phantoms
  A lemure (D:6)
  Blork the orc (D:6)
  A kobold brigand (D:6)
  A bullfrog (D:6)
  2 scorpions
  A gnoll sergeant (D:7)
  3 wights
  A howler monkey (D:7)
  3 electric eels (D:6)
  3 hounds
  A jelly (D:6)
  A gnoll shaman (D:5)
  Jessica (D:3)
  4 iguanas
  7 orc wizards
  4 adders
  10 gnolls
  3 shadow imps
  A white imp (D:5)
  An ufetubus (D:5)
  4 dart slugs
  16 orcs
  5 endoplasms
  4 giant cockroaches
  7 hobgoblins
  12 jackals
  8 quokkas
  9 ball pythons
  5 bats
  2 frilled lizards
  12 goblins
  15 kobolds
  5 rats
168 creatures vanquished.

Vanquished Creatures (others)
  31 plants (D:6)
31 creatures vanquished.

Grand Total: 199 creatures vanquished

Notes
Turn   | Place    | Note
-------+----------+-------------------------------------------
     0 | D:1      | Bruhh the Minotaur Fighter began the quest for the Orb.
     0 | D:1      | Reached XP level 1. HP: 19/19 MP: 0/0
   103 | D:1      | Reached skill level 3 in Axes
   185 | D:1      | Found a faded altar of an unknown god.
   198 | D:1      | Prayed at the altar of an unknown god.
   198 | D:1      | Became a worshipper of Ignis, the Dying Flame
   398 | D:1      | Reached XP level 2. HP: 22/26 MP: 1/1
   850 | D:1      | Reached skill level 4 in Axes
  1578 | D:2      | Reached XP level 3. HP: 28/31 MP: 2/2
  1857 | D:2      | You fall into a shaft and drop 2 floors!
  1955 | D:3      | Reached skill level 5 in Axes
  2033 | D:3      | Reached XP level 4. HP: 39/39 MP: 3/3
  2894 | D:3      | Noticed a phantom
  2903 | D:3      | Killed a phantom
  2904 | D:3      | Reached skill level 6 in Axes
  2904 | D:3      | Reached XP level 5. HP: 36/45 MP: 4/4
  3143 | D:3      | Noticed Jessica
  3147 | D:3      | Reached skill level 7 in Axes
  3153 | D:3      | Killed Jessica
  3203 | D:3      | Identified the +3 ring mail of Plog {rN+ Will+ Stlth-}
  3769 | D:4      | Reached XP level 6. HP: 48/51 MP: 5/5
  3796 | D:4      | Found a shimmering altar of Xom.
  3971 | D:4      | Reached skill level 8 in Axes
  4650 | D:4      | Found a sacrificial altar of Ru.
  4678 | D:5      | Entered Level 5 of the Dungeon
  4769 | D:5      | Reached skill level 9 in Axes
  4769 | D:5      | Reached XP level 7. HP: 57/57 MP: 6/6
  5116 | D:5      | Reached skill level 10 in Axes
  5246 | D:5      | Found a staircase to the Ecumenical Temple.
  5688 | D:5      | Found a shimmering blue altar of Sif Muna.
  5745 | D:6      | Reached skill level 11 in Axes
  5996 | D:6      | Noticed a kobold demonologist
  6009 | D:6      | Noticed an orange demon
  6009 | D:6      | Killed a kobold demonologist
  6010 | D:6      | Reached skill level 12 in Axes
  6010 | D:6      | Reached XP level 8. HP: 62/66 MP: 7/7
  6161 | D:6      | Reached skill level 5 in Fighting
  6224 | D:6      | Noticed Pikel
  6246 | D:6      | Killed Pikel
  6486 | D:6      | Reached XP level 9. HP: 82/82 MP: 8/8
  6494 | D:6      | Noticed Blork the orc
  6501 | D:6      | Killed Blork the orc
  7237 | D:6      | Noticed a two-headed ogre
  7243 | D:6      | Killed a two-headed ogre
  7244 | D:6      | Reached skill level 10 in Fighting
  7863 | D:6      | Found a white marble altar of Elyvilon.
  8014 | D:6      | Found an opulent altar of Gozag.
  8014 | D:6      | Found an ornate altar of the Wu Jian Council.
  8609 | D:7      | Found Cixyrph's Assorted Antiques.
  8619 | D:7      | HP: 5/127 [poisoned by a hornet]
  8619 | D:7      | HP: 1/127 [kobold brigand/+0 dagger (4)]
  8620 | D:7      | Succumbed to a hornet's poison

Illustrated notes

Levels and vault maps discovered:
D:1:      dpeg_arrival_houses_and_road, layout_loops_corners,
          basic_ecumenical_altar
D:2:      layout_basic
D:3:      layout_loops_ring, chequers_serial_rivers_large_b, uniq_jessica
D:4:      layout_loops_ring, nicolae_ru_path_of_blood,
          mainiacjoe_overflow_surrounded_room
D:5:      layout_basic, lemuel_blue_sif_altar, temple_green
D:6:      layout_rooms, nicolae_overflow_hidden_temple, elyvilon_altar_3,
          serial_bayou, serial_bayou_pond_d, serial_bayou_lagoon_b,
          serial_bayou_lake_a, serial_bayou_pond_b, minmay_manual_maat,
          uniq_blork_the_orc, uniq_pikel
D:7:      layout_rooms, serial_shops, shop, chequers_avenue,
          nicolae_fountain_basement

Skill      XL: |  1  2  3  4  5  6  7  8  9 |
---------------+----------------------------+-----
Axes           | 3 4 5 6 7 9 12 | 12.0
Fighting       | 4 8 10 | 10.0
Armour         | 9 |  9.2
Shields        | |  3.6

Action                   |  1- 3 |  4- 6 |  7- 9 || total
-------------------------+-------+-------+-------++-------
Melee: War axe           |    79 |   175 |   239 ||   493
       Headbutt          |     5 |    17 |    30 ||    52
  Use: Potion            |       |       |     6 ||     6
       Scroll            |       |       |     7 ||     7
Armor: Scale mail        |    34 |    42 |       ||    76
       Ring mail         |       |    32 |    78 ||   110
       Skin              |       |       |     8 ||     8
Dodge: Dodged            |    34 |    97 |    76 ||   207
Block: Buckler           |    20 |    47 |    47 ||   114

Table legend: (Time is in decaauts)
 A = Elapsed time spent in this place.
 B = Non-inter-level travel time spent in this place.
 C = Inter-level travel time spent in this place.
 D = Time resting spent in this place.
 E = Time spent auto-exploring this place.
 F = Levels seen in this place.
 G = Mean time per level.
                   A        B        C        D        E       F      G
               +--------+--------+--------+--------+--------+-----+--------+
         Total |   8770 |   8384 |    386 |    284 |   6943 |   7 | 1252.9 |
       Dungeon |   8770 |   8384 |    386 |    284 |   6943 |   7 | 1252.9 |
               +--------+--------+--------+--------+--------+-----+--------+

Top non-repeatable levels by time:
     D:6: 2664 daAuts
     D:1: 1453 daAuts
     D:3: 1431 daAuts
     D:5: 1056 daAuts
     D:4: 1011 daAuts
     D:2: 885 daAuts
     D:7: 268 daAuts
